 Dungeon Crawl Stone Soup version 0.22-a0-422-g9628fc8 (webtiles) character file.

93 iamserjio the Magician (level 4, -7/30 HPs)
             Began as a Mummy Earth Elementalist on May 16, 2018.
             Mangled by Crazy Yiuf
             ... wielding a +4 quarterstaff of chaos
              (12 damage)
             ... on level 2 of the Dungeon.
             The game lasted 00:02:45 (2020 turns).

iamserjio the Magician (Mummy Earth Elementalist)   Turns: 2020, Time: 00:02:47

Health: -7/30      AC:  2    Str: 11    XL:     4   Next: 37%
Magic:  4/9        EV: 12    Int: 15    God:
Gold:   75         SH:  0    Dex: 12    Spells: 9/10 levels left

rFire    x . .     SeeInvis .   a - +0 dagger
rCold    + . .     Gourm    .   (no shield)
rNeg     + + +     Faith    .   c - +0 robe
rPois    ∞         Spirit   .   (no helmet)
rElec    .         Reflect  .   (no cloak)
rCorr    .         Harm     .   (no gloves)
MR       .....                  (no boots)
Stlth    ++........             (no amulet)
HPRegen  0.10/turn              (no ring)
MPRegen  0.11/turn              (no ring)

@: no status effects
A: no food or potions, fire vulnerability, cold resistance 1, negative energy
resistance 3, torment resistance, unbreathing
a: no special abilities


You were on level 2 of the Dungeon.
You were not hungry.

You visited 1 branch of the dungeon, and saw 2 of its levels.

You collected 75 gold pieces.

Inventory:

Hand Weapons
 a - a +0 dagger (weapon)
Missiles
 b - 68 stones (quivered)
Armour
 c - a +0 robe (worn)
Jewellery
 d - an uncursed amulet of the gourmand {unknown}
 f - an uncursed ring of resist corrosion {unknown}
Scrolls
 e - 2 scrolls of enchant weapon {unknown}
 g - a scroll of magic mapping {unknown}
 h - 3 scrolls of remove curse {unknown}
 i - 2 scrolls of teleportation {unknown}
 j - a scroll of identify {unknown}
 k - a scroll of immolation {unknown}


   Skills:
 - Level 1.5 Dodging
 - Level 1.5 Stealth
 + Level 3.9 Spellcasting
   Level 0.7 Transmutations
 * Level 3.8 Earth Magic


You had 9 spell levels left.
You knew the following spells:

 Your Spells              Type           Power        Failure   Level  Hunger
a - Sandblast             Erth           ##....       3%          1    N/A

Your spell library contained the following spells:

 Spells                   Type           Power        Failure   Level  Hunger
 Stone Arrow              Conj/Erth      #.....       26%         3    N/A
 Passwall                 Tmut/Erth      #.........   11%         2    N/A
 Lee's Rapid Deconstruct  Erth           ##........   71%         5    N/A
 Petrify                  Tmut/Erth      #.......     56%         4    N/A

Dungeon Overview and Level Annotations

Branches:
Dungeon (2/15)

Altars:
Kikubaaqudgha
Zin

Annotations:
D:2 Crazy Yiuf


Innate Abilities, Weirdness & Mutations

You do not eat or drink.
Your flesh is vulnerable to fire.
You are immune to poison.
Your flesh is cold resistant. (rC+)
You are immune to negative energy. (rN+++)
You are immune to unholy pain and torment.
You can survive without breathing.


Message History

Aiming: Sandblast (safe; 3% risk of failure)
Press: ? - help, Shift-Dir - straight line, f/p - Crazy Yiuf
Aim: Crazy Yiuf, wielding a quarterstaff of chaos and wearing a cloak (heavily wounded)
The blast of sand hits Crazy Yiuf.
Crazy Yiuf is severely wounded.
b - 69 stones Crazy Yiuf hits you with a quarterstaff of chaos.
You are electrocuted!
Ouch! That really hurt!
* * * LOW HITPOINT WARNING * * *
Casting: Sandblast (safe; 3% risk of failure)
Confirm with . or Enter, or press ? or * to list all spells.
Aiming: Sandblast (safe; 3% risk of failure)
Press: ? - help, Shift-Dir - straight line, f/p - Crazy Yiuf
Aim: Crazy Yiuf, wielding a quarterstaff of chaos and wearing a cloak (severely wounded)
The blast of sand hits Crazy Yiuf.
Crazy Yiuf is severely wounded.
b - 68 stones Crazy Yiuf hits you with a quarterstaff of chaos!
You die...

'#####'#.#.#
#.#.##########
.........#.# #.#...#
.........#.# #.###.#
##......#### ### #.#
###....# #.# ## ###..#
#.# #### .# #'###♣♣
### #.# #...
.#..##.....♣♣ ♣♣#..)#
#.#####.#.
.#??##......♣♣♣♣@g...#
#....##.#.
.#..##.......♣..♣#...#
#......>#. .#
###.#....♣.♣♣♣ ###
#.##.##.#) ##
###.###♣♣♣♣♣
#.##.##.#. ###.#.#
#)).......
##.#.#.######
##########.........
#..#.#.#....#
#.......!..#.......
#.<#'#.#....#
#.........##.#.#...
............#
#.........##.......


You could see Crazy Yiuf.

Vanquished Creatures
  Jessica (D:2)
  3 adders (D:2)
  A dart slug (D:2)
  A leopard gecko (D:2)
  A giant cockroach (D:2)
  7 hobgoblins
  4 jackals (D:2)
  A quokka (D:2)
  A bat (D:2)
  7 frilled lizards (D:2)
  7 goblins
  2 kobolds (D:2)
  2 rats
38 creatures vanquished.

Notes
Turn   | Place    | Note
-------+----------+-------------------------------------------
     0 | D:1      | iamserjio the Mummy Earth Elementalist began the quest for the Orb.
     0 | D:1      | Reached XP level 1. HP: 13/13 MP: 4/4
   396 | D:1      | Reached XP level 2. HP: 19/19 MP: 4/6
  1190 | D:2      | Found a runed door.
  1213 | D:2      | Reached XP level 3. HP: 24/24 MP: 4/7
  1305 | D:2      | Found a glowing silver altar of Zin.
  1584 | D:2      | Noticed Jessica
  1590 | D:2      | Killed Jessica
  1590 | D:2      | Reached XP level 4. HP: 15/30 MP: 5/9
  1739 | D:2      | Found an ancient bone altar of Kikubaaqudgha.
  2015 | D:2      | Noticed Crazy Yiuf
  2020 | D:2      | Mangled by Crazy Yiuf

Vault maps used:
D:1:      dpeg_arrival_tiny_a
D:2:      old_standard_altar, zin_scriptorium, small_statue_intersection,
          uniq_jessica, uniq_crazy_yiuf_cottage

Skill      XL: |  1  2 |
---------------+-------+-----
Spellcasting   | 3 |  3.9
Earth Magic    | 3 |  3.8
Dodging        | |  1.5
Stealth        | |  1.5
Transmutations | |  0.7

Action                   |  1- 3 |  4- 6 || total
-------------------------+-------+-------++-------
Melee: Dagger            |    43 |     5 ||    48
       Unarmed           |     8 |       ||     8
 Cast: Sandblast         |    31 |    14 ||    45
Armor: Robe              |     9 |       ||     9
Dodge: Dodged            |    33 |     4 ||    37

Table legend:
 A = Spawn XP
 B = Non-spawn XP
 C = Spawn XP percentage of total XP
 D = Spawn monster count
 E = Non-spawn monster count
 F = Spawn count percentage of total count
 G = Total turns spent on level
                    A         B        C        D         E        F      G
               +---------+---------+-------+---------+---------+-------+---------
         Total |       0 |     134 |   0.0 |       0 |      38 |   0.0 |  2020
               +---------+---------+-------+---------+---------+-------+---------
           D:1 |       0 |      17 |   0.0 |       0 |      10 |   0.0 |   822
           D:2 |       0 |     117 |   0.0 |       0 |      28 |   0.0 |  1198
               +---------+---------+-------+---------+---------+-------+---------
